 Dungeon Crawl Stone Soup version 0.27.0-1-g7a089689b8 (webtiles) character file.

Game seed: 11192925987420517447

36873 Smaepdii the Unseen (level 13, -5/55 HPs)
             Began as a Spriggan Enchanter on Aug 5, 2021.
             Was a High Priest of Dithmenos.
             Slain by an eight-headed hydra (14 damage)
             ... on level 6 of the Lair of Beasts.
             The game lasted 02:23:40 (26717 turns).

Smaepdii the Unseen (Spriggan Enchanter)           Turns: 26717, Time: 02:23:40

Health: -5/55      AC:  5    Str:  4    XL:     13   Next: 55%
Magic:  16/29      EV: 45    Int: 17    God:    Dithmenos [*****.]
Gold:   661        SH:  0    Dex: 24    Spells: 23/35 levels left

rFire    + + .     SeeInvis +   a - +6 rapier of the Glowing Shrike {protect, Dex+4}
rCold    + . .     Faith    .   (shield restricted)
rNeg     . . .     Spirit   .   w - +2 robe {rC+ rF+}
rPois    +         Reflect  .   (helmet restricted)
rElec    .         Harm     .   E - +0 cloak
rCorr    .         Rampage  .   (gloves unavailable)
Will     ++...                  (boots unavailable) Stlth **++++++++
                                k - amulet of the acrobat
HPRegen  0.18/turn              o - ring of protection from fire
MPRegen  0.21/turn              t - ring of poison resistance

@: acrobatic, wreathed by umbra, very quick
A: very small, no large weapons, unfitting armour, see invisible, speed 3
a: Renounce Religion, Shadow Step, Shadow Form


You were on level 6 of the Lair of Beasts.
You worshipped Dithmenos.
Dithmenos was extremely pleased with you.
You visited 2 branches of the dungeon, and saw 17 of its levels.

You collected 907 gold pieces.
You spent 246 gold pieces at shops.

Inventory:

Hand Weapons
 a - the +6 rapier of the Glowing Shrike (weapon) {protect, Dex+4}
   (You bought it in a shop on level 5 of the Dungeon)

   It grants its wielder temporary protection when it strikes (+7 to AC).
   Dex:       It affects your dexterity (+4).
 d - a +0 dagger of speed
 L - a +2 short sword of venom
Missiles
 D - a throwing net
Armour
 w - a +2 robe of resistance (worn)
 E - a +0 cloak (worn)
 M - a +0 troll leather armour
 N - +0 acid dragon scales
Magical Staves
 m - a staff of cold
 O - a staff of conjuration
Jewellery
 k - an amulet of the acrobat (around neck)
 o - a ring of protection from fire (left hand)
 q - a ring of ice
 t - a ring of poison resistance (right hand)
 T - an amulet of faith
 V - a ring of resist corrosion
Wands
 b - a wand of polymorph (19)
 v - a wand of flame (62)
 x - a wand of acid (12)
 y - a wand of paralysis (9)
 A - a wand of mindburst (16)
 F - a wand of charming (19)
 J - a wand of iceblast (27)
Scrolls
 n - 6 scrolls of teleportation
 u - 4 scrolls of fog
 G - a scroll of enchant weapon
 H - a scroll of vulnerability {unknown}
 I - 2 scrolls of magic mapping
 K - a scroll of brand weapon {unknown}
 P - a scroll of enchant armour {unknown}
 Q - a scroll of torment {unknown}
 R - a scroll of acquirement {unknown}
 S - 2 scrolls of identify
 U - a scroll of holy word {unknown}
Potions
 c - 5 potions of heal wounds
 e - 2 potions of resistance
 f - 3 potions of haste
 g - a potion of attraction
 h - 2 potions of flight
 i - 4 potions of lignification
 j - 2 potions of brilliance
 l - 6 potions of curing
 p - a potion of cancellation {unknown}
 r - 4 potions of might
 z - a potion of magic {unknown}
 B - 4 potions of mutation
 C - a potion of invisibility {unknown}
Miscellaneous
 s - a tin of tremorstones (2/2)


   Skills:
 - Level 14.0 Short Blades
 + Level 12.4 Dodging
 - Level 18.0 Stealth
 + Level 11.8 Spellcasting
 * Level 9.5 Hexes


You had 23 spell levels left.
You knew the following spells:

 Your Spells              Type           Power      Damage    Failure   Level
a - Corona                Hex            46%        N/A       1%          1
b - Ensorcelled Hibernat  Hex/Ice        52%        N/A       1%          2
c - Confusing Touch       Hex            42%        N/A       1%          3
d - Dazzling Flash        Conj/Hex       52%        N/A       3%          3
e - Tukima's Dance        Hex            42%        N/A       1%          3

Your spell library contained the following spells:

 Spells                   Type           Power      Damage    Failure   Level
 Pain                     Necr           40%        1d6       7%          1
 Leda's Liquefaction      Hex/Erth       13%        N/A       10%         4
 Call Canine Familiar     Summ           10%        N/A       22%         3
 Ozocubu's Armour         Ice            10%        N/A       22%         3
 Swiftness                Air            10%        N/A       22%         3
 Yara's Violent Unravell  Hex/Tmut       13%        3d7       28%         5
 Passage of Golubria      Tloc           N/A        N/A       56%         4
 Agony                    Necr           10%        N/A       89%         5
 Bolt of Magma            Conj/Fire/Erth 5%         4d5       89%         5
 Excruciating Wounds      Necr           5%         N/A       89%         5
 Dispersal                Tloc           5%         N/A       100%        6
 Statue Form              Tmut/Erth      6%         N/A       100%        6
 Ozocubu's Refrigeration  Ice            5%         4d6       100%        7
 Disjunction              Tloc           5%         N/A       100%        8


Dungeon Overview and Level Annotations

Branches:
Dungeon (11/15)            Temple (0/1) D:7            Lair (6/6) D:11
 Shoals (0/4) Lair:2       Spider (0/4) Lair:3          Orc (0/2) D:9
  Slime: Lair:5-6

Altars:
Dithmenos
Elyvilon
Fedhas
Okawaru
Wu Jian
Yredelemnul
Zin

Shops:
D:1 *   D:2 =   D:5 (   D:6 *   D:11 =

Annotations:
Lair:1 2 transporters


Innate Abilities, Weirdness & Mutations

You are very small and have problems with some larger weapons.
You are too small for most types of armour.
You have supernaturally acute eyesight. (SInv)
You cover ground extremely quickly. (Speed+++)


Message History

Press: ? - help, Shift-Dir - straight line, f/p - five-headed hydra
Aim: a five-headed hydra (umbra, chance to affect: 22%)
The five-headed hydra resists with almost no effort.
The five-headed hydra bites you!
The five-headed hydra completely misses you.
The five-headed hydra closely misses you.
The five-headed hydra completely misses you. x2
Casting: Ensorcelled Hibernation (safe; 1% risk of failure)
Confirm with . or Enter, or press ? or * to list all spells.
Aiming: Ensorcelled Hibernation (safe; 1% risk of failure)
Press: ? - help, Shift-Dir - straight line, f/p - five-headed hydra
Aim: a five-headed hydra (umbra, chance to affect: 22%)
The five-headed hydra resists with almost no effort.
Casting: Ensorcelled Hibernation (safe; 1% risk of failure)
Confirm with . or Enter, or press ? or * to list all spells.
Aiming: Ensorcelled Hibernation (safe; 1% risk of failure)
Press: ? - help, Shift-Dir - straight line, f/p - five-headed hydra
Aim: a five-headed hydra (umbra, chance to affect: 22%)
The five-headed hydra resists with almost no effort.
Casting: Ensorcelled Hibernation (safe; 1% risk of failure)
Confirm with . or Enter, or press ? or * to list all spells.
Aiming: Ensorcelled Hibernation (safe; 1% risk of failure)
Press: ? - help, Shift-Dir - straight line, f/p - five-headed hydra
Aim: a five-headed hydra (umbra, chance to affect: 22%)
The five-headed hydra resists with almost no effort.
The black mamba hisses angrily.
The eight-headed hydra roars!
The black mamba completely misses you.
You closely miss the black mamba. The five-headed hydra bites you.
The five-headed hydra bites you!
The five-headed hydra barely misses you.
The five-headed hydra bites you!
The five-headed hydra completely misses you.
The black mamba bites you!
* * * LOW HITPOINT WARNING * * *
The black mamba completely misses you.
The eight-headed hydra completely misses you. x2
The eight-headed hydra closely misses you.
The eight-headed hydra completely misses you. x2
The eight-headed hydra bites you!
You die...

###.<........#
#..P....)...##
#.P..PP.....#
#..#.P......#
###....P....##
#..........D## #♣
###.#........♣♣###♣P.
#.#.###....(........
##.#.......S@........
##...........D........
#..............÷......
##....................
##.....................
#PP....................
##PPP...................
#..P...................##
##......[..............P#


You could see an eight-headed hydra, a five-headed hydra and a black mamba.

Vanquished Creatures
  Nessos (Lair:4)
  6 hydras
  2 catoblepae (Lair:5)
  2 two-headed ogres
  Sonja (D:11)
  2 ugly things (D:11)
  A cyclops (D:11)
  Joseph (D:8)
  4 black mambas (Lair:5)
  9 cane toads
  Maurice (D:8)
  A gargoyle (D:10)
  3 kobold demonologists (D:11)
  4 rime drakes
  11 komodo dragons
  2 polar bears (D:8)
  2 trolls
  14 blink frogs
  A dream sheep (Lair:5)
  Sigmund (D:5)
  Eustachio (D:5)
  33 yaks
  A wraith (D:9)
  4 basilisks
  3 steam dragons
  An acid dragon (D:11)
  Duvessa (D:6)
  Edmund (D:6)
  8 water moccasins
  2 ice beasts
  2 black bears
  An ogre (D:7)
  18 wolves
  7 centaurs
  A phantom (D:6)
  4 kobold brigands
  7 bullfrogs
  2 scorpions
  A water moccasin zombie (D:3)
  A wyvern zombie (D:8)
  Dowan (D:6)
  A water moccasin skeleton (D:6)
  8 killer bees
  7 wights
  3 electric eels
  3 bullfrog zombies
  9 centaur zombies
  4 orc priests
  A centaur skeleton (D:6)
  6 hounds
  2 gnoll shamans (D:7)
  2 iguanas
  A scorpion zombie (D:4)
  9 orc wizards
  A killer bee zombie (D:9)
  A centaur simulacrum (D:8)
  2 hound zombies (D:4)
  A killer bee simulacrum (D:8)
  16 gnolls
  A howler monkey skeleton (D:4)
  6 adders
  A shadow imp (D:7)
  7 white imps
  3 ufetubi
  3 adder zombies (D:4)
  2 worms
  3 dart slugs
  34 orcs
  7 bats
  7 endoplasms
  11 goblins
  5 hobgoblins
  17 jackals
  13 kobolds
  2 quokkas
  5 ball pythons
  3 frilled lizards
  6 rats
  2 butterflies (Lair:1)
384 creatures vanquished.

Vanquished Creatures (collateral kills)
  A gnoll (D:4)
  2 kobolds (D:8)
3 creatures vanquished.

Vanquished Creatures (others)
  A killer bee (D:9)
  An orc wizard (D:6)
  34 fungi
  74 plants
  A withered plant (D:4)
111 creatures vanquished.

Grand Total: 498 creatures vanquished

Notes
Turn   | Place    | Note
-------+----------+-------------------------------------------
     0 | D:1      | Smaepdii the Spriggan Enchanter began the quest for the
                  | Orb.
     0 | D:1      | Reached XP level 1. HP: 9/9 MP: 5/5
   572 | D:1      | Reached XP level 2. HP: 9/13 MP: 4/6
   672 | D:1      | Learned a level 2 spell: Ensorcelled Hibernation
  1352 | D:1      | Reached skill level 5 in Hexes
  1507 | D:1      | Reached XP level 3. HP: 16/16 MP: 5/8
  1575 | D:1      | Learned a level 3 spell: Confusing Touch
  1938 | D:1      | Found Duwniczi's General Store.
  2470 | D:1      | Found a basalt altar of Yredelemnul.
  2601 | D:2      | Found Cyl Myni's Jewellery Emporium.
  3654 | D:2      | Reached XP level 4. HP: 21/21 MP: 6/9
  3724 | D:3      | Noticed a phantom
  5394 | D:3      | Reached skill level 5 in Stealth
  5394 | D:3      | Reached XP level 5. HP: 12/24 MP: 8/10
  5552 | D:2      | Learned a level 3 spell: Dazzling Flash
  6755 | D:4      | Reached XP level 6. HP: 28/28 MP: 6/11
  8120 | D:4      | Reached skill level 6 in Stealth
  8868 | D:3      | Learned a level 3 spell: Tukima's Dance
  9555 | D:5      | Entered Level 5 of the Dungeon
  9683 | D:5      | Reached XP level 7. HP: 32/32 MP: 10/14
  9744 | D:5      | Noticed Eustachio
  9772 | D:5      | Reached skill level 5 in Short Blades
  9818 | D:5      | Reached skill level 7 in Stealth
 10241 | D:5      | Found Foajano's Antique Weapon Shop.
 10727 | D:5      | Killed Eustachio
 10816 | D:5      | Found a white marble altar of Elyvilon.
 10820 | D:5      | Found a blossoming altar of Fedhas.
 10820 | D:5      | Found an ornate altar of the Wu Jian Council.
 10820 | D:5      | Found a glowing silver altar of Zin.
 10820 | D:5      | Noticed Sigmund
 10838 | D:5      | Killed Sigmund
 10839 | D:5      | Reached XP level 8. HP: 36/36 MP: 12/15
 10868 | D:5      | Found a shadowy altar of Dithmenos.
 10869 | D:5      | Found an iron altar of Okawaru.
 10875 | D:5      | Became a worshipper of Dithmenos the Shadowed
 10931 | D:6      | Noticed a troll
 10997 | D:6      | Noticed Dowan
 10999 | D:6      | Noticed Duvessa
 11018 | D:6      | Killed Duvessa
 11030 | D:6      | Killed Dowan
 11194 | D:6      | Found Hofyerch's General Store.
 11195 | D:6      | Found Utragul's Specific Store.
 11200 | D:5      | Bought a bloodstained rapier for 216 gold pieces
 11200 | D:5      | Identified the +6 rapier of the Glowing Shrike {protect,
                  | Dex+4} (You bought it in a shop on level 5 of the Dungeon)
 11219 | D:6      | Bought a scroll of teleportation for 30 gold pieces
 11568 | D:6      | Killed a troll
 11569 | D:6      | Reached skill level 10 in Short Blades
 11704 | D:6      | Noticed Edmund
 11882 | D:6      | Reached * piety under Dithmenos
 12055 | D:6      | Reached XP level 9. HP: 39/39 MP: 9/16
 12105 | D:6      | Killed Edmund
 13610 | D:7      | Found a staircase to the Ecumenical Temple.
 13941 | D:7      | Reached ** piety under Dithmenos
 15289 | D:8      | Noticed Maurice
 15297 | D:8      | Killed Maurice
 15358 | D:8      | Noticed a polar bear
 15383 | D:8      | Killed a polar bear
 15413 | D:8      | Noticed a polar bear
 15423 | D:8      | Killed a polar bear
 15424 | D:8      | Reached XP level 10. HP: 44/44 MP: 13/17
 15710 | D:8      | Noticed Joseph
 15713 | D:8      | Killed Joseph
 16328 | D:8      | Reached *** piety under Dithmenos
 16329 | D:8      | Reached skill level 8 in Stealth
 16628 | D:8      | Reached skill level 5 in Spellcasting
 16953 | D:9      | Reached skill level 9 in Stealth
 16983 | D:9      | Reached skill level 5 in Dodging
 17105 | D:9      | Reached skill level 10 in Stealth
 17750 | D:9      | Found a staircase to the Orcish Mines.
 17870 | D:10     | Entered Level 10 of the Dungeon
 17870 | D:10     | Noticed a gargoyle
 17870 | D:10     | Noticed a two-headed ogre
 17871 | D:10     | Killed a gargoyle
 17872 | D:10     | Reached skill level 11 in Stealth
 17876 | D:10     | Killed a two-headed ogre
 17877 | D:10     | Reached XP level 11. HP: 47/47 MP: 21/21
 18299 | D:10     | Noticed an eight-headed hydra
 18323 | D:10     | Killed an eight-headed hydra
 18324 | D:10     | Reached skill level 12 in Stealth
 18678 | D:10     | Reached **** piety under Dithmenos
 18896 | D:11     | Noticed a white ugly thing
 18900 | D:11     | Killed a white ugly thing
 18901 | D:11     | Reached skill level 13 in Stealth
 18977 | D:11     | Noticed Sonja
 18984 | D:11     | Killed Sonja
 19062 | D:11     | Noticed a red ugly thing
 19077 | D:11     | Killed a red ugly thing
 19205 | D:11     | Reached skill level 14 in Stealth
 19614 | D:11     | Found Iwnughon's Jewellery Shop.
 19638 | D:11     | Found a staircase to the Lair.
 19789 | D:11     | Noticed a two-headed ogre
 19798 | D:11     | Killed a two-headed ogre
 19898 | D:11     | Reached skill level 15 in Stealth
 19911 | D:11     | Reached XP level 12. HP: 51/51 MP: 16/26
 20055 | Lair:1   | Entered Level 1 of the Lair of Beasts
 20065 | Lair:1   | Found a transporter.
 20108 | Lair:1   | Found a transporter.
 20837 | Lair:2   | Noticed a five-headed hydra
 21218 | Lair:2   | Reached ***** piety under Dithmenos
 21219 | Lair:2   | Reached skill level 10 in Dodging
 21219 | Lair:2   | Reached skill level 16 in Stealth
 21336 | Lair:2   | Killed a five-headed hydra
 21451 | Lair:2   | Noticed a seven-headed hydra
 21489 | Lair:2   | Killed a seven-headed hydra
 21589 | Lair:2   | Reached skill level 10 in Spellcasting
 21967 | Lair:2   | Reached skill level 17 in Stealth
 22069 | Lair:2   | Found a staircase to the Shoals.
 22797 | Lair:3   | You fall into a shaft and drop 2 floors!
 22892 | Lair:3   | Noticed a five-headed hydra
 22938 | Lair:3   | HP: 2/51 [five-headed hydra (3)]
 23457 | Lair:3   | Killed a five-headed hydra
 23601 | Lair:3   | Found a hole to the Spider Nest.
 24184 | Lair:4   | Reached skill level 18 in Stealth
 24208 | Lair:4   | Got A Primer on Spellweaving
 24248 | Lair:4   | Noticed Nessos
 24254 | Lair:4   | Killed Nessos
 24255 | Lair:4   | Reached XP level 13. HP: 55/55 MP: 28/28
 26321 | Lair:6   | Entered Level 6 of the Lair of Beasts
 26717 | Lair:6   | Slain by an eight-headed hydra

Illustrated notes

Levels and vault maps discovered:
D:1:      dpeg_arrival_water_altar, layout_basic, serial_shops,
          nicolae_lakefront_shop
D:2:      layout_rooms, serial_shops, nicolae_square_shop, serial_bayou_pond_d
D:3:      layout_loops_ring
D:4:      layout_gridville, serial_undead, serial_undead_c, serial_undead_b,
          serial_undead_d, serial_undead_e
D:5:      layout_rooms, minmay_overflow_temple_hex, serial_shops,
          nicolae_take_the_stairs, uniq_eustachio, uniq_sigmund
D:6:      layout_loops_ring, nicolae_specific_store, uniq_duvessa, uniq_edmund
D:7:      layout_basic, minmay_temple_entry_sparse_star
D:8:      layout_basic, serial_ice, serial_ice_i, serial_ice_f, serial_ice_g,
          serial_ice_e, serial_ice_c, kennysheep_nondescript, uniq_maurice,
          uniq_joseph
D:9:      layout_small_grid, orc_0_dummy, st_stairs_5
D:10:     layout_basic
D:11:     layout_long_grid, lair_entry_dummy, serial_shops, shop, uniq_sonja
Lair:1:   gammafunk_worm_tunnel, layout_gridlike, lemuel_fruit_tree,
          lemuel_fruit_fields
Lair:2:   layout_cave_pods, minmay_shoals_entry_centaurs,
          infiniplex_staircase_pool_2, grunt_megastairs_5, serial_bayou_shore_b
Lair:3:   layout_small_grid, spider_nest_entry_web_field
Lair:4:   layout_cellular_growth, uniq_nessos
Lair:5:   layout_gridlike, hangedman_lair_generics_rect, serial_bayou_shore_a
Lair:6:   due_jungle_book, layout_cave_pods, slime_dummy, grunt_megastairs_4

Skill      XL: |  1  2  3  4  5  6  7  8  9 10 11 12 13 |
---------------+----------------------------------------+-----
Hexes          | 4 5 6 9 |  9.5
Dodging        | 3 6 9 11 12 | 12.4
Short Blades   | 2 3 4 8 10 13 14 | 14.0
Stealth        | 5 6 7 11 15 18 | 18.0
Spellcasting   | 3 4 6 9 10 11 | 11.8

Action                   |  1- 3 |  4- 6 |  7- 9 | 10-12 | 13-15 || total
-------------------------+-------+-------+-------+-------+-------++-------
Melee: Dagger            |   154 |   260 |    42 |       |       ||   456
       Rapier            |       |       |   280 |   487 |   107 ||   874
 Cast: Corona            |     8 |    21 |    17 |    25 |     2 ||    73
       Ensorcelled Hiber |    31 |    48 |    60 |   129 |    34 ||   302
       Confusing Touch   |     2 |     2 |    34 |    24 |     5 ||    67
       Tukima's Dance    |       |     6 |     1 |     1 |       ||     8
       Dazzling Flash    |       |     1 |     8 |    12 |     2 ||    23
Evoke: Tin of tremorston |       |       |       |     2 |       ||     2
  Use: Scroll            |       |     4 |     7 |     6 |       ||    17
       Potion            |       |       |     1 |       |       ||     1
 Stab: Sleeping          |    26 |    33 |    27 |    82 |    26 ||   194
       Confused          |       |       |    24 |    24 |     7 ||    55
       Distracted        |       |       |     3 |     2 |     2 ||     7
       Invisible         |       |       |     3 |    12 |     1 ||    16
Armor: Robe              |    15 |    19 |    31 |    40 |     4 ||   109
Dodge: Dodged            |   123 |   216 |   279 |   368 |    57 ||  1043
